Map: Galactic Process LE

Players

MygraiN - Winner!

  • Race: Protoss Protoss
  • League: Grandmaster

xKawaiian

  • Race: Terran Terran
  • League: Master

Event: Cheesadelphia Summer 2016

VOD

Have the link to the VOD?

Description

Time

  • Played on: July 23, 2016, 12:12 p.m.
  • Length: 5:35

All games in this series

Show
View Real Time Build Order
Export as new Build Order

MygraiN Protoss - Winner!

Build Orders: 1 Gate Expand, Dark Templar Rush 

Get SALT Encoding   

  12  0:01  Probe (Chrono Boost)  
  13  0:11  Probe (Chrono Boost)  
  14  0:18  Pylon  
  14  0:22  Probe (Chrono Boost)  
  15  0:36  Probe (Chrono Boost)  
  15  0:37  Gateway  
  16  0:42  Assimilator  
  16  0:47  Probe (Chrono Boost)  
  17  0:58  Probe (Chrono Boost)  
  18  1:08  Probe (Chrono Boost)  
  19  1:22  Nexus  
  19  1:32  Cybernetics Core  
  19  1:36  Probe (Chrono Boost)  
  20  1:40  Assimilator  
  21  1:47  Probe (Chrono Boost)  
  21  1:52  Pylon  
  21  1:57  Probe (Chrono Boost)  
  22  2:07  Adept  
  23  2:09  Probe (Chrono Boost), Warp Gate  
  25  2:21  Probe (Chrono Boost)  
  26  2:33  Mothership Core (Chrono Boost)  
  29  2:37  Probe (Chrono Boost)  
  29  2:44  Robotics Facility  
  29  2:47  Probe (Chrono Boost)  
  29  2:51  Probe (Chrono Boost)  
  31  2:58  Probe (Chrono Boost)  
  32  3:01  Probe (Chrono Boost), Twilight Council  
  33  3:08  Probe (Chrono Boost)  
  33  3:12  Probe (Chrono Boost)  
  35  3:13  Pylon  
  35  3:19  Probe (Chrono Boost)  
  36  3:22  Probe (Chrono Boost)  
  37  3:29  Probe (Chrono Boost)  
  37  3:33  Probe (Chrono Boost)  
  39  3:36  Warp Prism  
  39  3:39  Assimilator, Dark Shrine  
  39  3:40  Probe (Chrono Boost)  
  42  3:45  Probe (Chrono Boost)  
  43  3:52  Gateway  
  43  3:54  Gateway  
  43  4:00  Pylon  
  45  4:06  Probe (Chrono Boost)  
  45  4:08  Pylon  
  45  4:11  Probe (Chrono Boost)  
  46  4:18  Probe (Chrono Boost)  
  46  4:21  Stalker  
  46  4:23  Probe (Chrono Boost)  
  49  4:25  Pylon  
  49  4:30  Probe (Chrono Boost)  
  50  4:35  Probe (Chrono Boost)  
  51  4:41  Probe (Chrono Boost)  
  52  4:47  Probe (Chrono Boost)  
  52  4:50  Dark Templar x2  
  52  4:52  Probe (Chrono Boost)  
  58  4:59  Probe (Chrono Boost)  
  59  5:01  Forge  
  59  5:02  Probe (Chrono Boost), Forge  
  60  5:09  Stalker  
  60  5:11  Probe (Chrono Boost)  
  60  5:13  Probe (Chrono Boost)  
  64  5:23  Probe (Chrono Boost), Stalker x2  
  64  5:24  Probe (Chrono Boost)  
  64  5:25  Pylon  
Show
View Real Time Build Order
Export as new Build Order

xKawaiian Terran 

Build Orders:  

Get SALT Encoding   

  12  0:00  SCV  
  13  0:13  SCV  
  14  0:17  Supply Depot  
  14  0:25  SCV  
  15  0:39  SCV  
  15  0:41  Barracks  
  16  0:46  Refinery  
  16  0:51  SCV  
  17  1:03  SCV  
  18  1:15  SCV  
  19  1:28  Orbital Command  
  19  1:30  Barracks Reactor  
  19  1:46  Command Center  
  19  1:53  SCV  
  20  2:01  Barracks  
  20  2:06  SCV  
  21  2:12  Refinery  
  21  2:13  Marine  
  22  2:21  SCV  
  23  2:24  Supply Depot  
  23  2:35  Factory  
  23  2:45  Marine, SCV  
  25  2:51  Marine  
  25  2:52  Barracks Tech Lab  
  26  3:00  SCV  
  26  3:03  Marine  
  28  3:09  Marine  
  28  3:11  Orbital Command  
  29  3:16  Stimpack  
  30  3:21  Factory Reactor, Starport  
  30  3:26  SCV  
  29  3:32  Marine  
  30  3:38  Marine, SCV x2  
  33  3:46  Marauder  
  35  3:50  Marine, SCV x2  
  38  3:56  Marine  
  38  4:01  Supply Depot  
  38  4:02  SCV  
  40  4:04  Medivac  
  40  4:05  Medivac  
  40  4:06  SCV  
  45  4:13  Marine  
  46  4:19  Supply Depot  
  46  4:22  Marine x2  
  46  4:23  Widow Mine, SCV  
  51  4:24  SCV  
  51  4:31  Marine  
  53  4:35  SCV  
  54  4:41  Marauder, SCV, Marine, Medivac  
  54  4:42  Supply Depot  
  60  4:47  SCV  
  60  4:48  Barracks  
  61  4:53  Factory Tech Lab, SCV  
  62  5:03  Supply Depot, Medivac, SCV  
  62  5:05  SCV  
  65  5:10  Engineering Bay  
  57  5:15  SCV  
  57  5:17  SCV  
Tags
 
Add a new tag
Caveats
  • Supply blocks, unpowered buildings, or Contaminate may cause inaccurate times.
  • Supply counts are checked every 10 seconds.